 Dungeon Crawl Stone Soup version 0.28-a0-1594-ga885d4b3d6 (webtiles) character file.

Game seed: 4492722862238938570

590 issech the Shield-Bearer (level 7, 0/66 (67) HPs)
             Began as a Troll Fighter on Jan 20, 2022.
             Was an Initiate of Yredelemnul.
             Succumbed to a scorpion's poison
             ... on level 5 of the Dungeon.
             The game lasted 00:18:20 (3953 turns).

issech the Shield-Bearer (Troll Fighter)            Turns: 3953, Time: 00:18:21

HP:   0/66 (67)     AC:  5    Str: 25    XL:     7   Next: 16%
MP:   6/6           EV:  9    Int:  4    God:    Yredelemnul [......]
Gold: 216           SH: 16    Dex: 23    Spells: 6/6 levels left

rFire   . . .      SeeInvis .   s - +0 mace
rCold   . . .      Faith    .   n - +0 tower shield
rNeg    . . .      Spirit   .   b - +0 robe
rPois   .          Reflect  .   (helmet restricted)
rElec   .          Harm     .   B - +0 cloak
rCorr   .          Rampage  .   (gloves unavailable)
Will    .....                   (boots unavailable)
Stlth   ++........              (no amulet)
HPRegen 1.01/turn               H - +6 ring of dexterity
MPRegen 0.10/turn               i - +6 ring of dexterity

@: lethally poisoned (0 -> -8), about to teleport, lightly drained
A: large, unfitting armour, claws 3, regeneration 1, shaggy fur 1, tough skin 1
a: Renounce Religion, Recall Undead Harvest


You were on level 5 of the Dungeon.
You worshipped Yredelemnul.
Yredelemnul was noncommittal.
You visited 1 branch of the dungeon, and saw 5 of its levels.

You collected 216 gold pieces.

Inventory:

Hand Weapons
 a - a +0 flail
 j - a +0 whip
 k - a +0 falchion
 l - a +4 dagger
 o - a +1 dagger of venom
 s - a +0 mace (weapon)
 w - a +1 dire flail of draining
 y - a +4 quarterstaff of chaos
Missiles
 e - 118 stones (quivered)
 m - 46 bolts
 q - 47 arrows
 t - 18 sling bullets
Armour
 b - a +0 robe (worn)
 c - a +0 kite shield
 n - a +0 tower shield (worn)
 u - a +2 cloak of willpower
 B - a +0 cloak (worn)
Jewellery
 g - a ring of willpower
 i - a +6 ring of dexterity (right claw)
 r - a ring of resist corrosion
 C - a ring of protection from cold
 H - a +6 ring of dexterity (left claw)
Wands
 I - a wand of acid (6)
Scrolls
 p - a scroll of teleportation
 x - a scroll of brand weapon {unknown}
 E - a scroll of blinking {unknown}
 F - 2 scrolls of identify {unknown}
Potions
 d - a potion of might
 f - 4 potions of curing {unknown}
 h - 2 potions of lignification {unknown}
 v - a potion of cancellation {unknown}
 z - a potion of flight {unknown}
 A - a potion of degeneration {unknown}
 D - a potion of mutation {unknown}
 G - a potion of attraction {unknown}


   Skills:
 + Level 3.3 Fighting
 + Level 4.1 Maces & Flails
 + Level 3.8 Dodging
 + Level 0.6 Stealth
 + Level 4.3 Shields


You had 6 spell levels left.
You didn't know any spells.
Your spell library was empty.

Dungeon Overview and Level Annotations

Branches:
Dungeon (5/15)
 Temple: D:4-7

Altars:
Okawaru
Yredelemnul
Zin


Innate Abilities, Weirdness & Mutations

You are too large for most types of armour.
You have claws for hands.
Your natural rate of healing is unusually fast.
You are covered in fur. (AC +1)
You have tough skin. (AC +1)


Message History

The scorpion is moderately wounded.
You block the scorpion's attack. x2
The adder closely misses you.
The ogre hits you with a +0 giant spiked club!
You barely miss the scorpion.
The scorpion is moderately wounded.
The adder bites you but does no damage. You block the scorpion's attack.
You block the adder's attack. The ogre barely misses you.
The scorpion stings you but does no damage.
You closely miss the scorpion.
The scorpion is moderately wounded.
The adder bites you. You block the scorpion's attack.
You block the ogre's attack. You block the adder's attack.
You closely miss the scorpion.
The scorpion is moderately wounded.
You block the scorpion's attack. You block the adder's attack.
You block the ogre's attack. The scorpion stings you.
You are poisoned.
The scorpion poisons you! The adder bites you.
You are more poisoned.
The adder poisons you!
You barely miss the scorpion.
The scorpion is moderately wounded.
You feel extremely sick. The scorpion stings you.
You are more poisoned.
The scorpion poisons you! You block the adder's attack.
The ogre hits you with a +0 giant spiked club!!
* * * LOW HITPOINT WARNING * * *
The scorpion barely misses you. The adder barely misses you.
* * * LOW HITPOINT WARNING * * *
You feel very sick.
* * * LOW HITPOINT WARNING * * *
You feel very sick. The adder bites you.
* * * LOW HITPOINT WARNING * * *
As you read the scroll of teleportation, it crumbles to dust.
You feel strangely unstable.
You die...
Your body rises from the dead as a mindless zombie.

##....<.## ##
##.....##..# #.##
#....##...# .....
##......# ....
##......##
#..##...........
#...#.....##....
#.......##....
##.ZS@........
...#.#...O.........
.........s.....##.
.............###
...............#
=................
.............##..
.......##.....#..
......# #.....#


You could see an ogre, a scorpion, an adder and a water moccasin zombie.

Vanquished Creatures
  Edmund (D:3)
  An orc priest (D:3)
  Crazy Yiuf (D:4)
  A centaur skeleton (D:4)
  An iguana (D:3)
  6 orc wizards
  2 adders (D:3)
  2 worms (D:2)
  5 dart slugs
  10 orcs
  6 endoplasms
  8 giant cockroaches
  5 goblins
  5 hobgoblins
  A jackal (D:4)
  5 quokkas
  8 ball pythons
  A bat (D:2)
  6 frilled lizards
  7 kobolds
  6 rats
88 creatures vanquished.

Vanquished Creatures (collateral kills)
  Blork the orc (D:4)
  A jelly (D:4)
  A jackal (D:4)
3 creatures vanquished.

Vanquished Creatures (others)
  A jackal zombie (D:4)
  An orc zombie (D:4)
  4 fungi (D:4)
6 creatures vanquished.

Grand Total: 97 creatures vanquished

Notes
Turn   | Place    | Note
-------+----------+-------------------------------------------
     0 | D:1      | issech the Troll Fighter began the quest for the Orb.
     0 | D:1      | Reached XP level 1. HP: 22/22 MP: 0/0
   281 | D:1      | Reached XP level 2. HP: 29/29 MP: 1/1
   491 | D:1      | Reached XP level 3. HP: 36/36 MP: 2/2
  1422 | D:2      | Found a faded altar of an unknown god.
  1957 | D:3      | Reached XP level 4. HP: 41/44 MP: 3/3
  2048 | D:3      | Found an iron altar of Okawaru.
  2384 | D:3      | Reached XP level 5. HP: 45/52 MP: 4/4
  2803 | D:3      | Found a basalt altar of Yredelemnul.
  2803 | D:3      | Found a glowing silver altar of Zin.
  2826 | D:3      | Became a worshipper of Yredelemnul the Dark
  3001 | D:4      | Noticed Edmund
  3187 | D:3      | Killed Edmund
  3188 | D:3      | Reached XP level 6. HP: 26/48 MP: 5/5
  3290 | D:4      | Found a runed translucent door.
  3291 | D:4      | Noticed Crazy Yiuf
  3301 | D:4      | Killed Crazy Yiuf
  3486 | D:4      | Noticed Blork the orc
  3502 | D:4      | Killed Blork the orc
  3503 | D:4      | Reached XP level 7. HP: 26/63 MP: 6/6
  3580 | D:4      | Reached * piety under Yredelemnul
  3921 | D:5      | Entered Level 5 of the Dungeon
  3952 | D:5      | HP: 3/66 [adder (1)]
  3953 | D:5      | Succumbed to a scorpion's poison

Illustrated notes

Levels and vault maps discovered:
D:1:      minmay_arrival_shattered_statue, layout_basic,
          hangedman_decor_clover_reticule
D:2:      layout_basic, hellmonk_ecumenical_altar_leap_of_faith
D:3:      layout_loops_ring, okawaru_gym_becter,
          gammafunk_temple_overflow_pools, corner_web_ring, dk_noncrumbling_2
D:4:      layout_rooms, uniq_edmund, uniq_crazy_yiuf_cottage, uniq_blork_the_orc
D:5:      layout_cave_pools, grunt_ashenzari_visionary
          [grunt_ashenzari_visionary_shoals, grunt_ashenzari_visionary_snake],
          uniq_prince_ribbit1, uniq_eustachio

Skill      XL: |  1  2  3  4  5  6 |
---------------+-------------------+-----
Maces & Flails | 2 3 4 |  4.1
Dodging        | 3 |  3.8
Shields        | 3 4 |  4.3
Fighting       | 3 |  3.3
Stealth        | |  0.6

Action                   |  1- 3 |  4- 6 |  7- 9 || total
-------------------------+-------+-------+-------++-------
Melee: Flail             |   149 |    13 |       ||   162
       Mace              |       |   183 |    26 ||   209
  Use: Scroll            |     5 |     1 |     1 ||     7
 Stab: Sleeping          |     2 |     1 |       ||     3
       Distracted        |       |     1 |       ||     1
Armor: Robe              |    47 |    69 |     7 ||   123
Dodge: Dodged            |    47 |    58 |     9 ||   114
Block: Kite shield       |    63 |       |       ||    63
       Tower shield      |     9 |   182 |    28 ||   219

Table legend: (Time is in decaauts)
 A = Elapsed time spent in this place.
 B = Non-inter-level travel time spent in this place.
 C = Inter-level travel time spent in this place.
 D = Time resting spent in this place.
 E = Time spent auto-exploring this place.
 F = Levels seen in this place.
 G = Mean time per level.
                   A        B        C        D        E       F      G
               +--------+--------+--------+--------+--------+-----+--------+
         Total |   4139 |   4033 |    106 |    144 |   1448 |   5 |  827.8 |
       Dungeon |   4139 |   4033 |    106 |    144 |   1448 |   5 |  827.8 |
               +--------+--------+--------+--------+--------+-----+--------+

Top non-repeatable levels by time:
     D:3: 1382 daAuts
     D:2: 1132 daAuts
     D:1: 855 daAuts
     D:4: 734 daAuts
     D:5: 34 daAuts
